 Dungeon Crawl Stone Soup version 0.29-a0-284-gf9362112df (webtiles) character file.

Game seed: 2002534233396670959

44 cojito the Chopper (level 3, -3/31 HPs)
             Began as a Palentonga Berserker on Mar 30, 2022.
             Was a Believer of Trog.
             Killed from afar by Ijyb (5 damage)
             ... with an iceblast
             ... on level 3 of the Dungeon.
             The game lasted 00:02:10 (2205 turns).

cojito the Chopper (Palentonga Berserker)           Turns: 2205, Time: 00:02:10

Health: -3/31      AC:  5    Str: 22    XL:     3   Next: 41%
Magic:  3/3        EV:  9    Int:  7    God:    Trog [**....]
Gold:   56         SH:  0    Dex:  9    Spells: 2/2 levels left

rFire   . . .      SeeInvis +   i - +0 war axe
rCold   . . .      Faith    .   (no shield)
rNeg    . . .      Spirit   .   j - +0 ring mail
rPois   .          Reflect  .   (no helmet)
rElec   .          Harm     .   (no cloak)
rCorr   .          Rampage  .   (no gloves)
Will    .....                   (no barding)
Stlth   ..........              (no amulet)
HPRegen 0.10/turn               (no ring)
MPRegen 0.08/turn               (no ring)

@: no status effects
A: large, rugged brown scales 3, see invisible, deformed body, roll 1, armoured
tail
a: Rolling Charge, Renounce Religion, Berserk, Trog's Hand


You were on level 3 of the Dungeon.
You worshipped Trog.
Trog was pleased with you.
You visited 1 branch of the dungeon, and saw 3 of its levels.

You collected 105 gold pieces.
You spent 49 gold pieces at shops.

Inventory:

Hand Weapons
 i - a +0 war axe (weapon)
Armour
 j - a +0 ring mail (worn)
Scrolls
 b - 2 scrolls of magic mapping {unknown}
 c - a scroll of fog {unknown}
 d - 2 scrolls of enchant weapon {unknown}
 e - a scroll of torment {unknown}
 g - a scroll of noise {unknown}
 k - 2 scrolls of identify {unknown}
 l - a scroll of fear {unknown}
Potions
 a - a potion of degeneration {unknown}
 f - a potion of curing
 h - 2 potions of heal wounds {unknown}


   Skills:
 * Level 3.4 Fighting
 * Level 3.6 Axes
 + Level 1.9 Armour
 + Level 1.9 Dodging


You had 2 spell levels left.
You didn't know any spells.
Your spell library was empty.

Dungeon Overview and Level Annotations

Branches:
Dungeon (3/15)

Altars:

Shops:
D:2 (

Annotations:
D:3 Ijyb


Innate Abilities, Weirdness & Mutations

You are completely covered in rugged brown scales. (AC +3, +7% HP)
You have supernaturally acute eyesight. (SInv)
Armour fits poorly on your strangely shaped body.
You can roll at nearby foes to attack.
You have a long armoured tail.


Message History

You climb downwards.
There is a stone staircase leading up here.
Found a stone staircase leading down.
A goblin comes into view. It is wielding a +0 dagger of venom.
The goblin shouts!
A goblin is nearby!
A goblin is nearby!
Found 18 gold pieces.
A goblin is nearby!
Ijyb the Twisted Goblin comes into view.
She is wielding a +0 club, wearing a +0 chain mail of cold resistance and carrying a wand of iceblast (8).
Ijyb shouts!
Ijyb screams, "Me stronger than you!" The goblin barely misses you.
You hit the goblin.
The goblin is severely wounded.
The goblin hits you but does no damage.
You closely miss the goblin.
The goblin is severely wounded.
The goblin hits you with a +0 dagger of venom.
You are poisoned.
You hit the goblin.
You kill the goblin!
Trog accepts your kill.
You feel very sick.
You feel sick.
Ijyb zaps a wand.
The mass of ice explodes!
The iceblast engulfs you!
Okay, then.
Roll where?
Press: ? - help, Dir - move target You can't see anything there to charge at.
Okay, then.
Unknown command.
Okay, then.
Okay, then.
Okay, then.
It was a potion of curing.
You feel better.
Ijyb zaps a wand.
The mass of ice explodes!
The iceblast engulfs you!
* * * LOW HITPOINT WARNING * * *
Ijyb zaps a wand.
The mass of ice explodes!
The iceblast engulfs you.
You die...

###########
#...<.....#
#.##@####.# #.##.#
#######.##.#
...........####.###
............)...$..
##.####.g..........
# #..###.#..###
#... ....# ......
...##


You could see Ijyb.

Vanquished Creatures
  A dart slug (D:2)
  6 ball pythons
  5 bats (D:1)
  6 endoplasms (D:1)
  2 giant cockroaches (D:1)
  2 goblins
  3 hobgoblins (D:2)
  A quokka (D:1)
  2 frilled lizards
  5 kobolds
  4 rats
37 creatures vanquished.

Notes
Turn   | Place    | Note
-------+----------+-------------------------------------------
     0 | D:1      | cojito the Palentonga Berserker began the quest for the
                  | Orb.
     0 | D:1      | Reached XP level 1. HP: 19/19 MP: 1/1
   369 | D:1      | Reached XP level 2. HP: 25/25 MP: 2/2
  1015 | D:1      | Reached ** piety under Trog
  1217 | D:1      | Reached XP level 3. HP: 31/31 MP: 3/3
  1218 | D:1      | Found a faded altar of an unknown god.
  1533 | D:2      | Found Gouty's Weapon Shop.
  1541 | D:2      | Bought a +0 war axe for 49 gold pieces
  2195 | D:3      | Noticed Ijyb
  2205 | D:3      | Killed from afar by Ijyb

Illustrated notes

Levels and vault maps discovered:
D:1:      dpeg_arrival_water_temple_mockup, layout_basic,
          shapermc_ecumenical_altar_mp_vishouse, serial_curves, eino_curves_02,
          eino_curves_03, serial_bayou_pond_d, amcnicky_mini_pool_small
D:2:      layout_loops_cross, serial_shops, shop
D:3:      kennysheep_six_static_rooms, layout_basic,
          nicolae_qazlal_eye_of_the_storm, uniq_ijyb

Action                   || total
-------------------------++-------
Melee: Hand axe          ||    81
       Tailslap          ||     5
       War axe           ||    21
 Abil: Rolling Charge    ||     1
  Use: Potion            ||     1
Armor: Animal skin       ||    36
       Ring mail         ||     5
Dodge: Dodged            ||    50

Table legend: (Time is in decaauts)
 A = Elapsed time spent in this place.
 B = Non-inter-level travel time spent in this place.
 C = Inter-level travel time spent in this place.
 D = Time resting spent in this place.
 E = Time spent auto-exploring this place.
 F = Levels seen in this place.
 G = Mean time per level.
                   A        B        C        D        E       F      G
               +--------+--------+--------+--------+--------+-----+--------+
         Total |   2226 |   2092 |    134 |      0 |   1799 |   3 |  742.0 |
       Dungeon |   2226 |   2092 |    134 |      0 |   1799 |   3 |  742.0 |
               +--------+--------+--------+--------+--------+-----+--------+

Top non-repeatable levels by time:
     D:1: 1407 daAuts
     D:2: 798 daAuts
     D:3: 20 daAuts
